 Dungeon Crawl Stone Soup version 0.25.1-2-g60ff931df9 (webtiles) character file.

Game seed: 2435583006867125607

7763 Revguard the Fighter (level 11, 0/115 HPs)
             Began as an Ogre Fire Elementalist on Oct 17, 2020.
             Was a Believer of Qazlal.
             Slain by an iguana (3 damage)
             ... on level 10 of the Dungeon.
             The game lasted 00:34:05 (12730 turns).

Revguard the Fighter (Ogre Fire Elementalist)      Turns: 12730, Time: 00:34:06

Health: 0/115      AC:  5    Str: 14    XL:     11   Next: 20%
Magic:  13/21      EV: 11    Int: 23    God:    Qazlal [**....]
Gold:   553        SH:  8    Dex: 11    Spells: 11/24 levels left

rFire    + . .     SeeInvis .   A - staff of fire
rCold    + . .     Gourm    .   (no shield)
rNeg     + . .     Faith    .   u - +1 robe {rN+}
rPois    .         Spirit   .   (helmet restricted)
rElec    .         Reflect  +   m - +0 cloak
rCorr    .         Harm     .   (gloves unavailable)
MR       +++..     Clarity  +   (boots unavailable)
Stlth    ++........             g - amulet of reflection
HPRegen  0.29/turn              e - ring of protection from cold
MPRegen  0.17/turn              D - +6 ring of intelligence

@: lethally poisoned (0 -> -1)
A: large, unfitting armour, horns 1, clarity, magic resistance 2, tough skin 1
a: Upheaval, Renounce Religion


You were on level 10 of the Dungeon.
You worshipped Qazlal.
Qazlal was pleased with you.
You were not hungry.

You visited 2 branches of the dungeon, and saw 11 of its levels.

You collected 553 gold pieces.

Inventory:

Hand Weapons
 r - a +4 dire flail of protection
Armour
 m - a +0 cloak (worn)
 u - a +1 robe of positive energy (worn)
Magical Staves
 A - an uncursed staff of fire (weapon)
Jewellery
 e - a ring of protection from cold (left hand)
 g - an amulet of reflection (around neck)
 j - an uncursed amulet of regeneration
 z - an uncursed ring of stealth
 B - an uncursed ring of protection from magic
 D - a +6 ring of intelligence (right hand)
Wands
 d - a wand of clouds (2)
 n - a wand of enslavement (10)
 w - a wand of acid (10)
 y - a wand of iceblast (13)
Scrolls
 f - 9 scrolls of teleportation
 k - 6 scrolls of amnesia
 p - a scroll of magic mapping
 q - 5 scrolls of remove curse
 v - 2 scrolls of enchant armour
Potions
 b - 4 potions of lignification
 h - 2 potions of cancellation
 l - 3 potions of stabbing
 t - a potion of magic
Comestibles
 c - 9 rations


   Skills:
 * Level 9.0 Fighting
 + Level 6.8(6.9) Maces & Flails
 + Level 0.7(4.7) Staves
 + Level 4.4 Dodging
 - Level 2.0 Stealth
 + Level 7.3 Spellcasting
 + Level 3.6 Conjurations
 * Level 5.7 Hexes
 + Level 5.5 Fire Magic
 * Level 5.2 Invocations
 + Level 2.1 Evocations


You had 11 spell levels left.
You knew the following spells:

 Your Spells              Type           Power        Failure   Level  Hunger
a - Foxfire               Conj/Fire      ####         1%          1    None
b - Inner Flame           Hex/Fire       ######..     2%          3    None
c - Sticky Flame          Conj/Fire      #####...     12%         4    ###....
d - Fireball              Conj/Fire      #####.....   32%         5    #####..

Your spell library contained the following spells:

 Spells                   Type           Power        Failure   Level  Hunger
 Conjure Flame            Conj/Fire      #####...     3%          3    None


Dungeon Overview and Level Annotations

Branches:
Dungeon (10/15)            Temple (1/1) D:4             Orc (0/2) D:9
   Lair: D:8-11

Altars:
Ashenzari
Cheibriados
Dithmenos
Elyvilon
Fedhas
Gozag
Hepliaklqana
Kikubaaqudgha
Makhleb
Nemelex Xobeh
Okawaru
Qazlal
Ru
Sif Muna
Trog
Uskayaw
Vehumet
Wu Jian
Xom
Yredelemnul
Zin
The Shining One


Innate Abilities, Weirdness & Mutations

You are too large for most types of armour.
You have tough skin. (AC +1)
You have a pair of small horns on your head.
You possess an exceptional clarity of mind.
You are highly resistant to hostile enchantments. (MR++)


Message History

You feel sick.
Josephine burns!
Flame seeps out of Josephine.
Josephine is engulfed in blazing flames.
Flame seeps out of Josephine.
Your surroundings suddenly seem different.
You feel sick. Qazlal accepts your kill.
Your life force feels restored.
Your Fighting skill increases to level 9!
You feel a bit more experienced.
Found 24 arrows.
You feel sick.
You feel sick.
You hear an angry hiss.
You feel sick.
An iguana comes into view.
You feel sick. The iguana bites you!
* * * LOW HITPOINT WARNING * * *
You barely miss the iguana. You hit the iguana but do no damage.
You feel sick. The iguana bites you.
You die...

..... .##########
.... ........... ...
... ....... .. ..
##...... #.#.
...?... #.(# ..W...
#.# #.W...
########.##..##W.FW.
#.l@........# ##<@H.
#.######.#### #.....
.. #.# #..###( ..#
#.# #.# #. .. #.# #.
#. . ... .. #. #.#
.. ## .# #..


You could see an iguana.

Vanquished Creatures
  Josephine (D:10)
  Erica (D:9)
  2 two-headed ogres (D:9)
  2 hippogriffs
  Sigmund (D:5)
  2 wraiths
  3 yaks (D:10)
  Edmund (D:5)
  A water moccasin (D:6)
  2 sky beasts
  2 black bears
  An orc warrior (D:10)
  2 phantoms
  2 necrophages
  2 ogres
  A centaur (D:5)
  2 big kobolds
  8 bullfrogs
  A wyvern zombie (D:6)
  A wyvern skeleton (D:8)
  2 scorpions (D:6)
  A water moccasin skeleton (D:5)
  8 wights (D:8)
  4 crimson imps
  A jelly (D:7)
  3 orc priests
  3 bullfrog zombies
  4 hounds
  3 centaur skeletons
  3 iguanas
  3 orc wizards
  3 worker ants
  A worker ant zombie (D:7)
  8 gnolls
  5 adders
  3 shadow imps
  2 oozes
  An adder zombie (D:7)
  5 worms
  2 dart slugs
  7 leopard geckos
  37 orcs
  4 giant cockroaches
  7 goblins
  6 hobgoblins
  2 jackals (D:10)
  19 kobolds
  8 quokkas
  A ball python (D:2)
  7 bats
  8 frilled lizards
  A jackal skeleton (D:7)
  A leopard gecko zombie (D:6)
  A quokka skeleton (D:4)
  5 rats
217 creatures vanquished.

Vanquished Creatures (others)
  334 foxfires
  4 fungi (D:10)
338 creatures vanquished.

Grand Total: 555 creatures vanquished

Notes
Turn   | Place    | Note
-------+----------+-------------------------------------------
     0 | D:1      | Revguard the Ogre Fire Elementalist began the quest for the
                  | Orb.
     0 | D:1      | Reached XP level 1. HP: 16/16 MP: 3/3
   178 | D:1      | Reached XP level 2. HP: 24/26 MP: 2/5
   250 | D:1      | Reached skill level 1 in Fighting
   259 | D:1      | Reached skill level 1 in Conjurations
   635 | D:1      | Reached XP level 3. HP: 33/33 MP: 4/7
   683 | D:1      | Learned a level 3 spell: Inner Flame
  1383 | D:2      | Reached skill level 2 in Fighting
  1383 | D:2      | Reached XP level 4. HP: 13/42 MP: 0/8
  1664 | D:2      | Found a glowing silver altar of Zin.
  1664 | D:2      | Noticed an angel
  2722 | D:3      | Found an ancient bone altar of Kikubaaqudgha.
  3091 | D:3      | Gained mutation: You have a pair of small horns on your
                  | head. [potion of mutation]
  3091 | D:3      | Gained mutation: You possess an exceptional clarity of
                  | mind. [potion of mutation]
  3091 | D:3      | Gained mutation: You are resistant to hostile enchantments.
                  | (MR+) [potion of mutation]
  3091 | D:3      | Gained mutation: You are highly resistant to hostile
                  | enchantments. (MR++) [potion of mutation]
  3122 | D:3      | Reached skill level 1 in Hexes
  3487 | D:4      | Reached XP level 5. HP: 17/49 MP: 3/10
  3719 | D:3      | Learned a level 4 spell: Sticky Flame
  3994 | D:4      | Reached skill level 1 in Maces & Flails
  4133 | D:4      | Found a shattered altar of Ashenzari.
  4483 | D:4      | Noticed an ogre
  4493 | D:4      | Killed an ogre
  4493 | D:4      | Reached skill level 3 in Fighting
  4493 | D:4      | Reached XP level 6. HP: 61/61 MP: 4/11
  4588 | D:4      | Found a staircase to the Ecumenical Temple.
  4792 | D:5      | Entered Level 5 of the Dungeon
  4869 | D:5      | Reached XP level 7. HP: 12/67 MP: 5/12
  5541 | D:5      | Noticed Edmund
  5555 | D:5      | Killed Edmund
  5555 | D:5      | Reached skill level 4 in Fighting
  5788 | D:5      | Noticed Sigmund
  5795 | D:5      | Killed Sigmund
  5966 | D:5      | Reached XP level 8. HP: 75/79 MP: 14/14
  6287 | D:6      | Found an ornate altar of the Wu Jian Council.
  6290 | D:6      | Found a bloodstained altar of Trog.
  6290 | D:6      | Found an opulent altar of Gozag.
  6305 | D:6      | Found a sacrificial altar of Ru.
  6455 | D:6      | Reached skill level 5 in Fighting
  6468 | D:6      | Reached skill level 1 in Evocations
  6659 | D:6      | Found a sparkling altar of Nemelex Xobeh.
  6831 | D:6      | Found a shadowy altar of Dithmenos.
  7407 | Temple   | Entered the Ecumenical Temple
  7457 | Temple   | Became a worshipper of Qazlal Stormbringer
  7540 | D:6      | Reached skill level 5 in Spellcasting
  7591 | D:7      | Reached XP level 9. HP: 39/88 MP: 11/16
  8052 | D:7      | Reached skill level 6 in Fighting
  8052 | D:7      | Reached skill level 5 in Maces & Flails
  8061 | D:7      | Learned a level 5 spell: Fireball
  8611 | D:7      | Found a shimmering blue altar of Sif Muna.
  8785 | D:8      | Reached skill level 1 in Invocations
  9180 | D:8      | Reached * piety under Qazlal
  9495 | D:8      | Found an iron altar of Okawaru.
 10075 | D:9      | Reached skill level 7 in Fighting
 10440 | D:9      | Noticed Erica
 10442 | D:9      | Noticed a two-headed ogre
 10463 | D:9      | Killed Erica
 10463 | D:9      | Reached ** piety under Qazlal
 10463 | D:9      | Reached XP level 10. HP: 31/103 MP: 9/19
 10465 | D:9      | Killed a two-headed ogre
 10465 | D:9      | Reached skill level 8 in Fighting
 11064 | D:9      | Found a staircase to the Orcish Mines.
 11143 | D:9      | Noticed a two-headed ogre
 11153 | D:9      | Killed a two-headed ogre
 11153 | D:9      | Reached skill level 5 in Hexes
 11153 | D:9      | Reached skill level 5 in Fire Magic
 11649 | D:10     | Entered Level 10 of the Dungeon
 11662 | D:10     | Noticed Josephine
 12392 | D:10     | Reached XP level 11. HP: 52/113 MP: 12/21
 12437 | D:10     | Reached skill level 5 in Invocations
 12722 | D:10     | Killed Josephine
 12722 | D:10     | Reached skill level 9 in Fighting
 12728 | D:10     | HP: 3/115 [iguana (10)]
 12730 | D:10     | Slain by an iguana

Illustrated notes

Levels and vault maps discovered:
D:1:      shiori_arrival_oz, layout_basic, kennysheep_crisscross,
          minmay_nonomino_d4
D:2:      layout_basic, zin_angel
D:3:      layout_loops_corners, kiku_gazebo_garden_becter
D:4:      layout_rooms, minmay_temple_entry_from_below_a, first_ration,
          evilmike_ruin_ashenzari
D:5:      layout_cave_pools, serial_rivers, chequers_serial_rivers_large_b,
          chequers_serial_rivers_micro_c, chequers_serial_rivers_micro_a,
          chequers_serial_rivers_micro_b, chequers_serial_rivers_micro_c,
          sigmund_edmund_badplayer
D:6:      layout_loops_corners, kennysheep_mini, grunt_temple_overflow_open,
          grunt_dithmenos_smoke, minmay_checkerbox
D:7:      layout_loops_ring, nicolae_overflow_hidden_temple
D:8:      layout_basic, okawaru_gym_becter
D:9:      layout_basic, orc_0_dummy, uniq_erica
D:10:     layout_rooms, grunt_lair_entry_orc_guard_hut, uniq_josephine,
          uniq_maurice
Temple:   minmay_temple_bridge_abc

Skill      XL: |  1  2  3  4  5  6  7  8  9 10 11 |
---------------+----------------------------------+-----
Fighting       | 1 2 3 4 5 7 8 9 |  9.0
Conjurations   | 1 2 3 |  3.6
Fire Magic     | 3 4 5 |  5.5
Dodging        | 2 3 4 |  4.4
Spellcasting   | 3 4 5 6 7 |  7.3
Hexes          | 1 2 3 4 5 |  5.7
Maces & Flails | 1 2 3 4 6 |  6.8
Stealth        | 2 |  2.0
Evocations     | 1 2 |  2.1
Invocations    | 3 4 5 |  5.2
Staves         | |  0.7

Action                   |  1- 3 |  4- 6 |  7- 9 | 10-12 || total
-------------------------+-------+-------+-------+-------++-------
Melee: Unarmed           |     7 |       |       |       ||     7
       Club              |    30 |   112 |       |       ||   142
       Headbutt          |       |    13 |    30 |    13 ||    56
       Flail             |       |    22 |       |       ||    22
       Giant club        |       |    13 |    17 |       ||    30
       Dire flail        |       |       |   201 |     2 ||   203
       Staff             |       |       |       |    79 ||    79
 Cast: Foxfire           |    43 |    74 |    72 |    15 ||   204
       Inner Flame       |     1 |     3 |    21 |    10 ||    35
       Sticky Flame      |       |       |     3 |     5 ||     8
Invok: Upheaval          |       |       |       |     2 ||     2
Evoke: Wand              |       |       |     1 |     3 ||     4
  Use: Scroll            |       |     6 |     8 |     1 ||    15
       Potion            |       |     6 |     4 |     4 ||    14
 Stab: Sleeping          |       |     2 |     3 |       ||     5
       Invisible         |       |       |       |     1 ||     1
  Eat: Chunk             |     1 |     9 |    12 |     1 ||    23
       Ration            |       |     1 |     2 |     2 ||     5
Armor: Robe              |    15 |    51 |    87 |    22 ||   175
       Skin              |       |       |       |     9 ||     9
Dodge: Dodged            |    24 |   102 |   113 |    44 ||   283
Block: Other             |     4 |    48 |    53 |    42 ||   147
       Reflection        |     1 |     1 |     3 |     2 ||     7
